 Dungeon Crawl Stone Soup version 0.23.0-38-g208d714 (webtiles) character file.

Game seed: 0

3481 teukkam the Covered (level 9, -6/81 HPs)
             Began as a Minotaur Fighter on Feb 27, 2019.
             Was a High Priest of Cheibriados.
             Mangled by Gastronok (18 damage)
             ... on level 9 of the Dungeon.
             The game lasted 00:37:00 (8457 turns).

teukkam the Covered (Minotaur Fighter)              Turns: 8457, Time: 00:37:00

Health: -6/81      AC: 13    Str: 35 (37) XL:     9   Next: 79%
Magic:  8/8        EV: 10    Int: 16 (19) God:    Cheibriados [*****.]
Gold:   458        SH: 20    Dex: 24 (25) Spells: 8/8 levels left

rFire    . . .     SeeInvis .   a - +0 short sword (venom)
rCold    . . .     Gourm    .   U - +0 large shield
rNeg     . . .     Faith    .   A - +0 plate armour
rPois    .         Spirit   .   E - +0 hat
rElec    .         Reflect  .   (no cloak)
rCorr    .         Harm     .   (no gloves)
MR       .....                  (no boots)
Stlth    ..........             k - amulet of magic regeneration
HPRegen  0.23/turn              (no ring)
MPRegen  0.36/turn              (no ring)

@: slowed, very slow
A: retaliatory headbutt, horns 2
a: Bend Time, Temporal Distortion, Slouch, Step From Time, Renounce Religion


You were on level 9 of the Dungeon.
You worshipped Cheibriados.
Cheibriados was extremely pleased with you.
You were not hungry.

You visited 1 branch of the dungeon, and saw 9 of its levels.

You collected 458 gold pieces.

Inventory:

Hand Weapons
 a - a +0 short sword of venom (weapon)
 b - a +0 hunting sling
 c - a +0 flail of holy wrath
 w - a +1 dagger of freezing
 x - a +0 war axe
 G - a +0 shortbow
 J - a +1 flail of draining
Missiles
 p - 13 tomahawks (quivered)
 t - 186 stones
 u - 74 bolts
 v - 34 sling bullets
 z - 25 poisoned needles
 D - a throwing net
 H - 61 arrows
 N - 3 tomahawks of returning
 P - 7 javelins
Armour
 A - a +0 plate armour (worn)
 E - a +0 hat (worn)
 U - a +0 large shield (worn)
Magical Staves
 Q - an uncursed staff of fire
Jewellery
 k - an amulet of magic regeneration (around neck)
 F - an uncursed ring of fire
Wands
 M - a wand of enslavement (12)
Scrolls
 e - 9 scrolls of identify
 i - 3 scrolls of teleportation
 j - 2 scrolls of enchant weapon {unknown}
 o - a scroll of magic mapping
 q - 2 scrolls of amnesia
 I - a scroll of noise {unknown}
 L - a scroll of fog {unknown}
 O - a scroll of enchant armour {unknown}
 R - 2 scrolls of remove curse
 T - a scroll of holy word {unknown}
Potions
 d - 3 potions of might
 g - a potion of degeneration
 m - 2 potions of ambrosia
 n - a potion of lignification {unknown}
 r - a potion of flight {unknown}
 s - 5 potions of curing {unknown}
 B - 4 potions of mutation {unknown}
 C - 3 potions of invisibility {unknown}
 S - 2 potions of magic {unknown}
Miscellaneous
 h - a phantom mirror
Comestibles
 f - 9 rations


   Skills:
 + Level 7.8 Fighting
 + Level 5.7 Short Blades
 - Level 3.5 Axes
 + Level 5.8 Slings
 + Level 7.9 Armour
 + Level 5.8 Dodging
 + Level 7.9 Shields


You had 8 spell levels left.
You didn't know any spells.
Your spell library contained the following spells:

 Spells                   Type           Power        Failure   Level  Hunger
 Corona                   Hex            #......      100%        1    ##.....
 Magic Dart               Conj           #...         100%        1    ##.....
 Blink                    Tloc           N/A          100%        2    ###....
 Call Imp                 Summ           #.......     100%        2    ###....
 Ensorcelled Hibernation  Hex/Ice        #.....       100%        2    ###....
 Slow                     Hex            #.......     100%        2    ###....
 Confuse                  Hex            #.......     100%        3    ####...
 Conjure Flame            Conj/Fire      #.......     100%        3    ####...
 Dazzling Spray           Conj/Hex       #.....       100%        3    ####...
 Mephitic Cloud           Conj/Pois/Air  #.......     100%        3    ####...
 Tukima's Dance           Hex            #.......     100%        3    ####...


Dungeon Overview and Level Annotations

Branches:
Dungeon (9/15)             Temple (0/1) D:7
   Lair: D:8-11         Orc: D:9-12

Altars:
Ashenzari
Cheibriados
Fedhas
Kikubaaqudgha
Uskayaw
Wu Jian
Zin

Annotations:
D:9 Gastronok


Innate Abilities, Weirdness & Mutations

You reflexively headbutt those who attack you in melee.
You have a pair of horns on your head.


Message History

You feel much better. Gastronok bites you but does no damage.
You puncture Gastronok!
Gastronok looks as sick as possible!
You headbutt Gastronok.
Gastronok is almost dead.
You hit Gastronok.
You headbutt Gastronok, but do no damage.
Gastronok is almost dead.
Gastronok waves his eye-stalks in wide circles.
The air twists around and strikes you!
* * * LOW HITPOINT WARNING * * *
Evoke which item? (* to show all) (? for menu, Esc to quit)
Aiming: Scattershot
Press: ? - help, Shift-Dir - straight line, f/p - Gastronok
Aim: Gastronok, wearing a +2 hat of magic resistance (almost dead, poisoned)
The burst of metal fragments hits Gastronok. x2
The burst of metal fragments hits Gastronok but does no damage.
The burst of metal fragments hits Gastronok!
Gastronok is almost dead.
The now-empty wand crumbles to dust.
Gastronok bites you!!
You die...

###
##..##...........##.##
#.....#.....###.##.#
### ##..#####...##
##># #.###..## #.....
#.# # ##...#.#
###.##### #.. ##.##.#
#.... #.# #...># #.#.#
#. .# #.#######.#.#
#.##.# #.## #..@#..#
#.... .# #..#
#.w###.######....###
#. #..# #.#
##......... ... .##..#
#. #...##.#..# #.
#.#..# # #.##.##.#..#
##. .##.# #.#
#.##.#..###.. #.#.# #.
#.##.#.....8. #.#.#
#.###.##.#<##....
##...##
#..........##.8..


You could see Gastronok.

Vanquished Creatures
  A manticore (D:9)
  A hippogriff (D:7)
  A wyvern (D:9)
  A steam dragon (D:9)
  2 orc warriors
  A phantom (D:9)
  2 ice beasts
  A necrophage (D:7)
  An ogre (D:9)
  2 centaurs
  4 bullfrogs
  A gnoll sergeant (D:5)
  A scorpion (D:7)
  6 electric eels (D:9)
  A howler monkey (D:7)
  2 crimson imps
  A bullfrog zombie (D:5)
  A quasit (D:6)
  A jelly (D:9)
  5 orc priests
  5 hounds
  A bullfrog skeleton (D:7)
  A centaur skeleton (D:7)
  2 iguanas
  Terence (D:3)
  5 orc wizards
  6 worker ants
  11 adders
  14 gnolls
  A howler monkey skeleton (D:9)
  A shadow imp (D:5)
  2 oozes
  An adder skeleton (D:6)
  2 worms
  A dart slug (D:1)
  7 leopard geckos
  29 orcs
  5 bats
  7 giant cockroaches
  12 goblins
  10 hobgoblins
  6 jackals
  9 kobolds
  2 quokkas
  4 ball pythons
  7 frilled lizards
  4 rats
  2 plants (D:9)
194 creatures vanquished.

Vanquished Creatures (collateral kills)
  A jackal (D:6)
1 creature vanquished.

Vanquished Creatures (others)
  An orc (D:6)
  4 plants (D:9)
5 creatures vanquished.

Grand Total: 200 creatures vanquished

Notes
Turn   | Place    | Note
-------+----------+-------------------------------------------
     0 | D:1      | teukkam the Minotaur Fighter began the quest for the Orb.
     0 | D:1      | Reached XP level 1. HP: 19/19 MP: 0/0
   124 | D:2      | Found a faded altar of an unknown god.
   129 | D:2      | Became a worshipper of Cheibriados the Contemplative
   129 | D:2      | Reached * piety under Cheibriados
   278 | D:1      | Reached XP level 2. HP: 27/27 MP: 1/1
   533 | D:1      | Reached XP level 3. HP: 33/33 MP: 2/2
   569 | D:1      | Reached ** piety under Cheibriados
  1560 | D:2      | Reached XP level 4. HP: 39/41 MP: 3/3
  2035 | D:3      | Reached *** piety under Cheibriados
  2359 | D:3      | Reached skill level 1 in Slings
  2730 | D:3      | Noticed Terence
  2740 | D:3      | Killed Terence
  3182 | D:4      | Reached XP level 5. HP: 47/47 MP: 4/4
  3232 | D:4      | Reached skill level 1 in Dodging
  3277 | D:4      | Reached skill level 1 in Short Blades
  3436 | D:4      | Reached XP level 6. HP: 55/55 MP: 5/5
  3608 | D:4      | Reached skill level 5 in Armour
  3767 | D:5      | Entered Level 5 of the Dungeon
  3772 | D:5      | Reached skill level 5 in Fighting
  3772 | D:5      | Reached skill level 5 in Shields
  3787 | D:5      | Reached **** piety under Cheibriados
  3960 | D:5      | You fall through a shaft for 2 floors!
  3985 | D:6      | Reached XP level 7. HP: 61/61 MP: 6/6
  4038 | D:8      | Noticed a two-headed ogre
  4790 | D:5      | Reached ***** piety under Cheibriados
  5329 | D:6      | Reached XP level 8. HP: 69/70 MP: 7/7
  5750 | D:7      | Found an ancient bone altar of Kikubaaqudgha.
  5752 | D:7      | Found a blossoming altar of Fedhas.
  5879 | D:7      | Found a staircase to the Ecumenical Temple.
  6142 | D:7      | Found a shattered altar of Ashenzari.
  6147 | D:7      | Found an ornate altar of the Wu Jian Council.
  6209 | D:7      | Noticed a hippogriff
  6213 | D:7      | Killed a hippogriff
  6213 | D:7      | Reached XP level 9. HP: 78/78 MP: 8/8
  6420 | D:9      | Found a hide-covered altar of Uskayaw.
  6464 | D:9      | Reached skill level 5 in Slings
  6467 | D:9      | Reached skill level 5 in Dodging
  6476 | D:9      | Reached skill level 5 in Short Blades
  7011 | D:9      | Noticed a manticore
  7023 | D:9      | Killed a manticore
  8405 | D:9      | Found a glowing silver altar of Zin.
  8440 | D:9      | Noticed Gastronok
  8457 | D:9      | Mangled by Gastronok

Skill      XL: |  1  2  3  4  5  6  7  8  9 |
---------------+----------------------------+-----
Fighting       | 4 5 6 7 |  7.8
Armour         | 4 5 6 7 |  7.9
Shields        | 4 5 6 7 |  7.9
Axes           | 3 |  3.5
Slings         | 1 2 3 4 5 |  5.8
Dodging        | 1 2 3 4 5 |  5.8
Short Blades   | 1 2 3 4 5 |  5.7

Action                   |  1- 3 |  4- 6 |  7- 9 || total
-------------------------+-------+-------+-------++-------
Melee: War axe           |    93 |    16 |       ||   109
       Headbutt          |    20 |    34 |    80 ||   134
       Short sword       |       |    78 |   206 ||   284
       Flail             |       |       |     1 ||     1
 Fire: Hunting sling     |    24 |    41 |   139 ||   204
Throw: Tomahawk          |       |       |     3 ||     3
Evoke: Wand              |       |       |     8 ||     8
  Use: Scroll            |       |     5 |     2 ||     7
       Potion            |       |       |     5 ||     5
  Eat: Ration            |       |     1 |     2 ||     3
       Chunk             |       |       |     3 ||     3
Armor: Scale mail        |    38 |     7 |       ||    45
       Plate armour      |       |    31 |    64 ||    95
Dodge: Dodged            |    35 |    19 |    71 ||   125
Block: Shield            |    59 |    51 |   115 ||   225
       Large shield      |       |       |    31 ||    31
